| TOP OF THE 1ST |
|
Baltimore Orioles batting - Pitching for Cleveland Guardians : RHP Drew Rickelman
|
|
Pitching: RHP Drew Rickelman
|
|
|
Batting: RHB Saimei Kudo
|
0-0: Ball 1-0: Ball 2-0: Ball 3-0: Called Strike 3-1: Base on Balls
|
|
Batting: RHB Tenshou Takita
|
0-0: Called Strike 0-1: Ball 1-1: Ball Saimei Kudo steals 2nd base 2-1: Foul Ball, location: 2F 2-2: Ball 3-2: Foul Ball, location: 2F 3-2: Base on Balls
|
|
Batting: RHB Rudo Garciaparra
|
0-0: Called Strike 0-1: Ball 1-1: Foul Ball, location: 2F 1-2: Ball 2-2: Fly out, F7 (Flyball, 7LMF, EV 81.2 MPH)
|
|
Batting: SHB Jason Hayes
|
0-0: Swinging Strike 0-1: Ball 1-1: Foul Ball, location: 2F 1-2: Fly out, F7 (Flyball, 7S, EV 91.2 MPH)
|
|
Batting: RHB Vince Jackson
|
0-0: Fly out, F7 (Line Drive, 7, EV 88.1 MPH)
|
| Top of the 1st over - 0 runs, 0 hits, 0 errors, 2 left on base; Baltimore 0 - Cleveland 0 |
| BOTTOM OF THE 1ST |
|
Cleveland Guardians batting - Pitching for Baltimore Orioles : LHP Mark Gehring
|
|
Pitching: LHP Mark Gehring
|
|
|
Batting: LHB Arvin Dungca
|
0-0: Swinging Strike 0-1: SINGLE (Groundball, 4MS, EV 65.6 MPH) (infield hit)
|
|
Batting: RHB Christian Blue
|
0-0: Called Strike 0-1: Ball 1-1: Called Strike 1-2: Strikes out swinging
|
|
Batting: RHB Nick Ogle
|
0-0: Ball 1-0: Ball 2-0: Called Strike 2-1: DOUBLE (Flyball, 8RXD, EV 86.2 MPH) Arvin Dungca to third
|
|
Batting: RHB Jasper Burd
|
0-0: Ball 1-0: Called Strike 1-1: Swinging Strike 1-2: Ball 2-2: Ground out 4-3 (Groundball, 4M, EV 104.4 MPH) Arvin Dungca scores Nick Ogle to third
|
|
Batting: RHB Aaron Matthews
|
0-0: Foul Ball, location: 2F 0-1: Foul Ball, location: 2F 0-2: SINGLE (Groundball, 5S, EV 61.2 MPH) (infield hit) Nick Ogle scores
|
|
Batting: LHB Jack Bell
|
0-0: Ball 1-0: Swinging Strike 1-1: Swinging Strike 1-2: Strikes out looking
|
| Bottom of the 1st over - 2 runs, 3 hits, 0 errors, 1 left on base; Baltimore 0 - Cleveland 2 |
| TOP OF THE 2ND |
|
Baltimore Orioles batting - Pitching for Cleveland Guardians : RHP Drew Rickelman
|
|
Batting: LHB Brian Feher
|
0-0: Foul Ball, location: 2F 0-1: Ball 1-1: DOUBLE (Flyball, 8LXD, EV 106.9 MPH)
|
|
Batting: SHB Tony Prado
|
0-0: Foul Ball, location: 2F 0-1: Foul Ball, location: 2F 0-2: Foul Ball, location: 2F 0-2: Ball 1-2: Ball 2-2: SINGLE (Groundball, 6MS, EV 69.4 MPH) (infield hit) Brian Feher to third
|
|
Batting: SHB Bran Stark
|
0-0: Ball 1-0: Ball 2-0: Grounds into double play, 3-6-1 (Groundball, 3, EV 86.2 MPH) Brian Feher scores
|
|
Batting: SHB Eduardo Maldonado
|
0-0: Ground out 4-3 (Groundball, 4, EV 107.5 MPH)
|
| Top of the 2nd over - 1 run, 2 hits, 0 errors, 0 left on base; Baltimore 1 - Cleveland 2 |
| BOTTOM OF THE 2ND |
|
Cleveland Guardians batting - Pitching for Baltimore Orioles : LHP Mark Gehring
|
|
Batting: LHB John Harring
|
0-0: Called Strike 0-1: Ball 1-1: Ground out 6-3 (Groundball, 6S, EV 73.8 MPH)
|
|
Batting: RHB Rick O'Reilly
|
0-0: Called Strike 0-1: Foul Ball, location: 2F 0-2: Foul Ball, location: 2F 0-2: Ball 1-2: Fly out, F8 (Flyball, 8LD, EV 97.5 MPH)
|
|
Batting: RHB Justin Ganey
|
0-0: Ball 1-0: Fly out, F7 (Flyball, 78S, EV 75.0 MPH)
|
| Bottom of the 2nd over - 0 runs, 0 hits, 0 errors, 0 left on base; Baltimore 1 - Cleveland 2 |
| TOP OF THE 3RD |
|
Baltimore Orioles batting - Pitching for Cleveland Guardians : RHP Drew Rickelman
|
|
Batting: RHB Saimei Kudo
|
0-0: Ground out 6-3 (Groundball, 6, EV 95.6 MPH)
|
|
Batting: RHB Tenshou Takita
|
0-0: Called Strike 0-1: Swinging Strike 0-2: Ball 1-2: Ball 2-2: SINGLE (Groundball, 6D, EV 103.1 MPH)
|
|
Batting: RHB Rudo Garciaparra
|
0-0: Called Strike 0-1: Ball 1-1: Ball 2-1: Ball 3-1: Swinging Strike 3-2: Base on Balls Tenshou Takita to second
|
|
Batting: SHB Jason Hayes
|
0-0: Called Strike 0-1: Ball 1-1: Ball 2-1: Called Strike 2-2: Strikes out swinging
|
|
Batting: RHB Vince Jackson
|
0-0: SINGLE (Groundball, 6MD, EV 95.6 MPH) Tenshou Takita to third Rudo Garciaparra to second Runner from 3rd tries for Home, throw by CF and OUT! 8-2
|
| Top of the 3rd over - 0 runs, 2 hits, 0 errors, 2 left on base; Baltimore 1 - Cleveland 2 |
| BOTTOM OF THE 3RD |
|
Cleveland Guardians batting - Pitching for Baltimore Orioles : LHP Mark Gehring
|
|
Batting: LHB Arvin Dungca
|
0-0: Fly out, F8 (Flyball, 8RD, EV 102.5 MPH)
|
|
Batting: RHB Christian Blue
|
0-0: Ball 1-0: Called Strike 1-1: Ball 2-1: Foul Ball, location: 2F 2-2: Ground out U3 (Groundball, 3, EV 90.0 MPH)
|
|
Batting: RHB Nick Ogle
|
0-0: SINGLE (Line Drive, 34D, EV 106.9 MPH)
|
|
Batting: RHB Jasper Burd
|
0-0: Ball 1-0: SINGLE (Groundball, 34, EV 90.6 MPH) (infield hit) Nick Ogle to second
|
|
Batting: RHB Aaron Matthews
|
0-0: Ball 1-0: Foul Ball, location: 2F 1-1: Ball 2-1: 3-RUN HOME RUN (Flyball, 7D, EV 101.9 MPH), Distance : 380 ft
|
|
Batting: LHB Jack Bell
|
0-0: Called Strike 0-1: Ball 1-1: Foul Ball, location: 2F 1-2: Fly out, F8 (Line Drive, 78S, EV 91.2 MPH)
|
| Bottom of the 3rd over - 3 runs, 3 hits, 0 errors, 0 left on base; Baltimore 1 - Cleveland 5 |
| TOP OF THE 4TH |
|
Baltimore Orioles batting - Pitching for Cleveland Guardians : RHP Drew Rickelman
|
|
Batting: LHB Brian Feher
|
0-0: Called Strike 0-1: Foul Ball, location: 2F 0-2: Strikes out swinging
|
|
Batting: SHB Tony Prado
|
0-0: Ball 1-0: Ball 2-0: Called Strike 2-1: Ball 3-1: Foul Ball, location: 2F 3-2: Foul Ball, location: 2F 3-2: Ground out 5-3 (Groundball, 5D, EV 85.0 MPH)
|
|
Batting: SHB Bran Stark
|
0-0: Fly out, F6 (Line Drive, 6, EV 68.8 MPH)
|
| Top of the 4th over - 0 runs, 0 hits, 0 errors, 0 left on base; Baltimore 1 - Cleveland 5 |
| BOTTOM OF THE 4TH |
|
Cleveland Guardians batting - Pitching for Baltimore Orioles : LHP Mark Gehring
|
|
Batting: LHB John Harring
|
0-0: Ball 1-0: Called Strike 1-1: Fly out, F5 (Line Drive, 56, EV 69.4 MPH)
|
|
Batting: RHB Rick O'Reilly
|
0-0: Swinging Strike 0-1: Ball 1-1: Foul Ball, location: 2F 1-2: Ball 2-2: Foul Ball, location: 2F 2-2: Strikes out looking
|
|
Batting: RHB Justin Ganey
|
0-0: Ball 1-0: Called Strike 1-1: Called Strike 1-2: Foul Ball, location: 2F 1-2: Fly out, F7 (Flyball, 78M, EV 91.9 MPH)
|
| Bottom of the 4th over - 0 runs, 0 hits, 0 errors, 0 left on base; Baltimore 1 - Cleveland 5 |
| TOP OF THE 5TH |
|
Baltimore Orioles batting - Pitching for Cleveland Guardians : RHP Drew Rickelman
|
|
Batting: SHB Eduardo Maldonado
|
0-0: Ball 1-0: Called Strike 1-1: Ball 2-1: Ground out 6-3 (Groundball, 6, EV 100.0 MPH)
|
|
Batting: RHB Saimei Kudo
|
0-0: Called Strike 0-1: Ball 1-1: Swinging Strike 1-2: Ball 2-2: Ball 3-2: Ground out 5-3 (Groundball, 56, EV 101.2 MPH)
|
|
Batting: RHB Tenshou Takita
|
0-0: Ball 1-0: Called Strike 1-1: Ball 2-1: Ball 3-1: Called Strike 3-2: Base on Balls
|
|
Batting: RHB Rudo Garciaparra
|
0-0: Ball 1-0: Ball 2-0: Called Strike 2-1: Fly out, F3 (Popup, 34S, EV 71.9 MPH)
|
| Top of the 5th over - 0 runs, 0 hits, 0 errors, 1 left on base; Baltimore 1 - Cleveland 5 |
| BOTTOM OF THE 5TH |
|
Cleveland Guardians batting - Pitching for Baltimore Orioles : LHP Mark Gehring
|
|
Pitching: RHP Bobby Marble
|
|
|
Batting: LHB Arvin Dungca
|
0-0: Ball 1-0: DOUBLE (Line Drive, 9LS, EV 92.5 MPH)
|
|
Batting: RHB Christian Blue
|
0-0: Fly out, F9 (Flyball, 9D, EV 101.2 MPH) Runner from 2nd tags up, SAFE at 3rd, no throw by RF
|
|
Batting: RHB Nick Ogle
|
0-0: Ball 1-0: Fly out, F9 (Flyball, 9, EV 88.8 MPH) Runner from 3rd tags up, OUT at HOME! 9-2
|
| Bottom of the 5th over - 0 runs, 1 hit, 0 errors, 0 left on base; Baltimore 1 - Cleveland 5 |
| TOP OF THE 6TH |
|
Baltimore Orioles batting - Pitching for Cleveland Guardians : RHP Drew Rickelman
|
|
Batting: SHB Jason Hayes
|
0-0: Ball 1-0: Called Strike 1-1: Ball 2-1: Ball 3-1: Called Strike 3-2: Base on Balls
|
|
Batting: RHB Vince Jackson
|
0-0: Ball Jason Hayes is caught stealing 2nd base 2-4 1-0: Called Strike 1-1: Called Strike 1-2: Strikes out swinging
|
|
Batting: LHB Brian Feher
|
0-0: Swinging Strike 0-1: Ball 1-1: Called Strike 1-2: Fly out, F8 (Flyball, 8LD, EV 86.2 MPH)
|
| Top of the 6th over - 0 runs, 0 hits, 0 errors, 0 left on base; Baltimore 1 - Cleveland 5 |
| BOTTOM OF THE 6TH |
|
Cleveland Guardians batting - Pitching for Baltimore Orioles : RHP Bobby Marble
|
|
Batting: RHB Jasper Burd
|
0-0: Foul Ball, location: 2F 0-1: Foul Ball, location: 2F 0-2: Strikes out swinging
|
|
Batting: RHB Aaron Matthews
|
0-0: Ball 1-0: Called Strike 1-1: Ball 2-1: Called Strike 2-2: Ground out 5-3 (Groundball, 5, EV 98.8 MPH)
|
|
Batting: LHB Jack Bell
|
0-0: Ball 1-0: Called Strike 1-1: Ball 2-1: Swinging Strike 2-2: Strikes out swinging
|
| Bottom of the 6th over - 0 runs, 0 hits, 0 errors, 0 left on base; Baltimore 1 - Cleveland 5 |
| TOP OF THE 7TH |
|
Baltimore Orioles batting - Pitching for Cleveland Guardians : RHP Drew Rickelman
|
|
Now at 2B: Danny Eberhart
|
|
|
Batting: SHB Tony Prado
|
0-0: Called Strike 0-1: Called Strike 0-2: Fly out, F9 (Flyball, 9S, EV 76.9 MPH)
|
|
Batting: SHB Bran Stark
|
0-0: DOUBLE (Flyball, 78XD, EV 113.1 MPH)
|
|
Pitching: RHP Bruce Poff
|
|
|
Batting: SHB Eduardo Maldonado
|
0-0: Swinging Strike 0-1: Ball 1-1: Foul Ball, location: 2F 1-2: Foul Ball, location: 2F 1-2: Fly out, F9 (Flyball, 9S, EV 93.8 MPH)
|
|
Batting: RHB Saimei Kudo
|
0-0: Foul Ball, location: 2F 0-1: Swinging Strike 0-2: Ball 1-2: Ball 2-2: Strikes out swinging
|
| Top of the 7th over - 0 runs, 1 hit, 0 errors, 1 left on base; Baltimore 1 - Cleveland 5 |
| BOTTOM OF THE 7TH |
|
Cleveland Guardians batting - Pitching for Baltimore Orioles : RHP Bobby Marble
|
|
Pitching: LHP Silas Chinn
|
|
|
Batting: LHB John Harring
|
0-0: Ball 1-0: Ball 2-0: Fly out, F7 (Flyball, 78D, EV 95.6 MPH)
|
|
Batting: RHB Rick O'Reilly
|
0-0: Ball 1-0: Ball 2-0: Ball 3-0: Base on Balls
|
|
Batting: RHB Justin Ganey
|
0-0: Called Strike 0-1: Ball 1-1: Ball 2-1: Ball 3-1: Foul Ball, location: 2F 3-2: Foul Ball, location: 2F 3-2: Ground out 5-3 (Groundball, 56S, EV 65.0 MPH) Rick O'Reilly to second
|
|
Batting: LHB Arvin Dungca
|
0-0: Called Strike 0-1: Foul Ball, location: 2F 0-2: Strikes out looking
|
| Bottom of the 7th over - 0 runs, 0 hits, 0 errors, 1 left on base; Baltimore 1 - Cleveland 5 |
| TOP OF THE 8TH |
|
Baltimore Orioles batting - Pitching for Cleveland Guardians : RHP Bruce Poff
|
|
Batting: RHB Tenshou Takita
|
0-0: Ball 1-0: Ground out 4-3 (Groundball, 4, EV 89.4 MPH)
|
|
Batting: RHB Rudo Garciaparra
|
0-0: Ball 1-0: Called Strike 1-1: Ball 2-1: Called Strike 2-2: SINGLE (Line Drive, 89S, EV 96.2 MPH)
|
|
Batting: SHB Jason Hayes
|
0-0: Single, Error in OF, E8, batter to second base (Groundball, 4MD, EV 96.9 MPH) Rudo Garciaparra to third
|
|
Batting: RHB Vince Jackson
|
0-0: Ball 1-0: Ball 2-0: Ball 3-0: Base on Balls
|
|
Batting: LHB Brian Feher
|
0-0: Ball 1-0: Foul Ball, location: 2F 1-1: DOUBLE (Groundball, 3L, EV 109.4 MPH) Rudo Garciaparra scores Jason Hayes scores Vince Jackson to third Runner from 3rd tries for Home, SAFE, throw by RF to trailing runner, SAFE at third!
|
|
Batting: SHB Tony Prado
|
0-0: Foul Ball, location: 2F 0-1: Fly out, F8 (Flyball, 8RD, EV 97.5 MPH) Runner from 3rd tags up, SCORES, throw by CF
|
|
Pitching: RHP Fomio Tashima
|
|
|
Batting: SHB Bran Stark
|
0-0: Ball 1-0: Ground out 4-3 (Groundball, 34, EV 83.8 MPH)
|
| Top of the 8th over - 4 runs, 3 hits, 1 error, 0 left on base; Baltimore 5 - Cleveland 5 |
| BOTTOM OF THE 8TH |
|
Cleveland Guardians batting - Pitching for Baltimore Orioles : LHP Silas Chinn
|
|
Batting: RHB Christian Blue
|
0-0: Ball 1-0: Ball 2-0: Called Strike 2-1: Foul Ball, location: 2F 2-2: Ball 3-2: Foul Ball, location: 2F 3-2: Base on Balls
|
|
Batting: RHB Nick Ogle
|
0-0: Called Strike 0-1: Ball 1-1: Ball 2-1: DOUBLE (Flyball, 8LXD, EV 107.5 MPH) Christian Blue to third Runner from 3rd tries for Home, SAFE, no throw by CF
|
|
Batting: RHB Danny Eberhart
|
0-0: Ball 1-0: Ball 2-0: Foul Ball, location: 2F 2-1: Foul Ball, location: 2F 2-2: SINGLE (Groundball, 56S, EV 66.9 MPH) (infield hit) Nick Ogle to third
|
|
Batting: RHB Aaron Matthews
|
0-0: Fly out, F8 (Flyball, 8LXD, EV 96.9 MPH) Runner from 3rd tags up, SCORES, no throw by CF
|
|
Batting: LHB Jack Bell
|
0-0: Ball 1-0: Called Strike 1-1: Foul Ball, location: 2F 1-2: Ball 2-2: Foul Ball, location: 2F 2-2: Ball 3-2: Strikes out looking
|
|
Batting: LHB John Harring
|
0-0: Ball 1-0: Ground out U3 (Groundball, 3, EV 90.0 MPH)
|
| Bottom of the 8th over - 2 runs, 2 hits, 0 errors, 1 left on base; Baltimore 5 - Cleveland 7 |
| TOP OF THE 9TH |
|
Baltimore Orioles batting - Pitching for Cleveland Guardians : RHP Fomio Tashima
|
|
Pitching: LHP Katsumi Omura
|
|
|
Batting: SHB Eduardo Maldonado
|
0-0: Foul Ball, location: 2F 0-1: Ground out 6-3 (Groundball, 6M, EV 103.8 MPH)
|
|
Batting: RHB Saimei Kudo
|
0-0: Ball 1-0: Ball 2-0: Called Strike 2-1: Swinging Strike 2-2: Ball 3-2: Foul Ball, location: 2F 3-2: Fly out, F3 (Popup, 34, EV 58.8 MPH)
|
|
Batting: RHB Tenshou Takita
|
0-0: Called Strike 0-1: Foul Ball, location: 2F 0-2: Ball 1-2: Ball 2-2: Strikes out swinging
|
| Top of the 9th over - 0 runs, 0 hits, 0 errors, 0 left on base; Baltimore 5 - Cleveland 7 |
|